TOP OF THE 1ST |
Montreal Expos batting - Pitching for Baltimore Orioles : RHP Josh Wollaston
|
Pitching: RHP Josh Wollaston
|
|
Batting: LHB Bill McGregor
|
0-0: Ball 1-0: Called Strike 1-1: Called Strike 1-2: Ground out 6-3 (Groundball, 6MS, EV 81.9 MPH)
|
Batting: LHB Steve Anderson
|
0-0: Fly out, F5 (Popup, 56S, EV 76.2 MPH)
|
Batting: RHB John Ham
|
0-0: Called Strike 0-1: Ball 1-1: DOUBLE (Flyball, 78XD, EV 103.1 MPH)
|
Batting: LHB Mark Marvin
|
0-0: Foul Ball, location: 2F 0-1: Ball 1-1: Ball 2-1: Ball 3-1: Fly out, F5 (Popup, 5SF, EV 73.8 MPH)
|
Top of the 1st over - 0 runs, 1 hit, 0 errors, 1 left on base; Montreal 0 - Baltimore 0 |
BOTTOM OF THE 1ST |
Baltimore Orioles batting - Pitching for Montreal Expos : LHP Brian White
|
Pitching: LHP Brian White
|
|
Batting: RHB Saimei Kudo
|
0-0: Foul Ball, location: 2F 0-1: Ball 1-1: Ball 2-1: Ground out 5-3 (Groundball, 56S, EV 85.0 MPH)
|
Batting: RHB Tenshou Takita
|
0-0: Ball 1-0: Swinging Strike 1-1: TRIPLE (Line Drive, 78XD, EV 108.8 MPH)
|
Batting: SHB Jason Hayes
|
0-0: Called Strike 0-1: Foul Ball, location: 2F 0-2: Ball 1-2: Fly out, F3 (Popup, 34, EV 75.6 MPH)
|
Batting: RHB Vince Jackson
|
0-0: Called Strike 0-1: Foul Ball, location: 2F 0-2: Strikes out swinging
|
Bottom of the 1st over - 0 runs, 1 hit, 0 errors, 1 left on base; Montreal 0 - Baltimore 0 |
TOP OF THE 2ND |
Montreal Expos batting - Pitching for Baltimore Orioles : RHP Josh Wollaston
|
Batting: RHB Steve French
|
0-0: Ball 1-0: Ball 2-0: Ball 3-0: Called Strike 3-1: Foul Ball, location: 2F 3-2: Base on Balls
|
Batting: SHB Lou Kroneman
|
0-0: Foul Ball, location: 2F 0-1: Ball 1-1: Swinging Strike 1-2: Ball 2-2: Strikes out swinging
|
Batting: RHB Eugênio Asceno
|
0-0: Called Strike 0-1: Foul Ball, location: 2F 0-2: Grounds into double play, 5-4-3 (Groundball, 56S, EV 83.1 MPH)
|
Top of the 2nd over - 0 runs, 0 hits, 0 errors, 0 left on base; Montreal 0 - Baltimore 0 |
BOTTOM OF THE 2ND |
Baltimore Orioles batting - Pitching for Montreal Expos : LHP Brian White
|
Batting: RHB Raul Mendoza
|
0-0: Called Strike 0-1: Ball 1-1: Foul Ball, location: 2F 1-2: Ball 2-2: Ball 3-2: Base on Balls
|
Batting: SHB Robert Handy
|
0-0: Foul Ball, location: 2F 0-1: Ball 1-1: Foul Ball, location: 2F 1-2: Strikes out looking
|
Batting: SHB Bran Stark
|
0-0: Called Strike Raul Mendoza is caught stealing 2nd base 2-4 0-1: SINGLE (Line Drive, 8LS, EV 104.4 MPH)
|
Batting: LHB Brian Feher
|
0-0: Ground out U3 (Groundball, 3L, EV 92.5 MPH)
|
Bottom of the 2nd over - 0 runs, 1 hit, 0 errors, 1 left on base; Montreal 0 - Baltimore 0 |
TOP OF THE 3RD |
Montreal Expos batting - Pitching for Baltimore Orioles : RHP Josh Wollaston
|
Pitching: RHP Andy Rondeau
|
|
Batting: RHB Robby Juarez
|
0-0: Called Strike 0-1: Swinging Strike 0-2: Ball 1-2: Strikes out looking
|
Batting: RHB Shigem Kubo
|
0-0: Called Strike 0-1: Ball 1-1: Ball 2-1: Ball 3-1: Ground out 4-3 (Groundball, 4, EV 91.9 MPH)
|
Batting: LHB Bill McGregor
|
0-0: Ball 1-0: Foul Ball, location: 2F 1-1: Foul Ball, location: 2F 1-2: Foul Ball, location: 2F 1-2: Foul Ball, location: 2F 1-2: Ball 2-2: Foul Ball, location: 2F 2-2: Fly out, F7 (Flyball, 7S, EV 88.1 MPH)
|
Top of the 3rd over - 0 runs, 0 hits, 0 errors, 0 left on base; Montreal 0 - Baltimore 0 |
BOTTOM OF THE 3RD |
Baltimore Orioles batting - Pitching for Montreal Expos : LHP Brian White
|
Batting: RHB Ernie Weathersbee
|
0-0: Called Strike 0-1: Ball 1-1: Swinging Strike 1-2: Ball 2-2: Foul Ball, location: 2F 2-2: Ground out 5-3 (Groundball, 56S, EV 70.6 MPH)
|
Batting: RHB Saimei Kudo
|
0-0: Called Strike 0-1: Ground out 1-3 (Groundball, 13S, EV 66.9 MPH)
|
Batting: RHB Tenshou Takita
|
0-0: Called Strike 0-1: Ground out 4-3 (Groundball, 4, EV 81.9 MPH)
|
Bottom of the 3rd over - 0 runs, 0 hits, 0 errors, 0 left on base; Montreal 0 - Baltimore 0 |
TOP OF THE 4TH |
Montreal Expos batting - Pitching for Baltimore Orioles : RHP Andy Rondeau
|
Batting: LHB Steve Anderson
|
0-0: Called Strike 0-1: Ball 1-1: Ball 2-1: Foul Ball, location: 2F 2-2: Ball 3-2: Fly out, F8 (Flyball, 8LD, EV 102.5 MPH)
|
Batting: RHB John Ham
|
0-0: Ball 1-0: Ball 2-0: Called Strike 2-1: Foul Ball, location: 2F 2-2: Ball 3-2: Strikes out swinging
|
Batting: LHB Mark Marvin
|
0-0: Called Strike 0-1: Called Strike 0-2: Foul Ball, location: 2F 0-2: Ball 1-2: Strikes out swinging
|
Top of the 4th over - 0 runs, 0 hits, 0 errors, 0 left on base; Montreal 0 - Baltimore 0 |
BOTTOM OF THE 4TH |
Baltimore Orioles batting - Pitching for Montreal Expos : LHP Brian White
|
Batting: SHB Jason Hayes
|
0-0: Called Strike 0-1: Ball 1-1: Ball 2-1: Swinging Strike 2-2: Ground out 6-3 (Groundball, 6, EV 87.5 MPH)
|
Batting: RHB Vince Jackson
|
0-0: Called Strike 0-1: Ball 1-1: Ground out 6-3 (Groundball, 6, EV 88.1 MPH)
|
Batting: RHB Raul Mendoza
|
0-0: Ball 1-0: Called Strike 1-1: Foul Ball, location: 2F 1-2: Foul Ball, location: 2F 1-2: Foul Ball, location: 2F 1-2: Foul Ball, location: 2F 1-2: Ball 2-2: Foul Ball, location: 2F 2-2: Ball 3-2: SINGLE (Groundball, 6MS, EV 71.9 MPH) (infield hit)
|
Batting: SHB Robert Handy
|
0-0: Foul Ball, location: 2F 0-1: Ball 1-1: Foul Ball, location: 2F 1-2: Strikes out looking
|
Bottom of the 4th over - 0 runs, 1 hit, 0 errors, 1 left on base; Montreal 0 - Baltimore 0 |
TOP OF THE 5TH |
Montreal Expos batting - Pitching for Baltimore Orioles : RHP Andy Rondeau
|
Batting: RHB Steve French
|
0-0: Foul Ball, location: 2F 0-1: Swinging Strike 0-2: Fly out, F8 (Flyball, 8RM, EV 88.8 MPH)
|
Batting: SHB Lou Kroneman
|
0-0: Foul Ball, location: 2F 0-1: Swinging Strike 0-2: Strikes out swinging
|
Batting: RHB Eugênio Asceno
|
0-0: Ball 1-0: Foul Ball, location: 2F 1-1: Ball 2-1: Called Strike 2-2: Strikes out looking
|
Top of the 5th over - 0 runs, 0 hits, 0 errors, 0 left on base; Montreal 0 - Baltimore 0 |
BOTTOM OF THE 5TH |
Baltimore Orioles batting - Pitching for Montreal Expos : LHP Brian White
|
Batting: SHB Bran Stark
|
0-0: Called Strike 0-1: Called Strike 0-2: Ball 1-2: Strikes out swinging
|
Batting: LHB Brian Feher
|
0-0: Foul Ball, location: 2F 0-1: Ball 1-1: Foul Ball, location: 2F 1-2: Strikes out swinging
|
Batting: RHB Ernie Weathersbee
|
0-0: Foul Ball, location: 2F 0-1: Swinging Strike 0-2: Foul Ball, location: 2F 0-2: Foul Ball, location: 2F 0-2: Strikes out swinging
|
Bottom of the 5th over - 0 runs, 0 hits, 0 errors, 0 left on base; Montreal 0 - Baltimore 0 |
TOP OF THE 6TH |
Montreal Expos batting - Pitching for Baltimore Orioles : RHP Andy Rondeau
|
Batting: RHB Robby Juarez
|
0-0: Ball 1-0: Ball 2-0: SINGLE (Groundball, 56S, EV 94.4 MPH)
|
Batting: RHB Shigem Kubo
|
0-0: Fly out, F7 (Line Drive, 7S, EV 109.4 MPH)
|
Batting: LHB Bill McGregor
|
0-0: Called Strike 0-1: Foul Ball, location: 2F 0-2: Ball 1-2: Foul Ball, location: 2F 1-2: Ball 2-2: Fly out, F9 (Flyball, 9D, EV 107.5 MPH)
|
Batting: LHB Steve Anderson
|
0-0: Fielders Choice at 2nd, 6-4 (Groundball, 56, EV 82.5 MPH)
|
Top of the 6th over - 0 runs, 1 hit, 0 errors, 1 left on base; Montreal 0 - Baltimore 0 |
BOTTOM OF THE 6TH |
Baltimore Orioles batting - Pitching for Montreal Expos : LHP Brian White
|
Batting: RHB Saimei Kudo
|
0-0: Swinging Strike 0-1: Swinging Strike 0-2: Foul Ball, location: 2F 0-2: Ball 1-2: Ball 2-2: Foul Ball, location: 2F 2-2: Strikes out swinging
|
Batting: RHB Tenshou Takita
|
0-0: Foul Ball, location: 2F 0-1: Called Strike 0-2: SINGLE (Line Drive, 3D, EV 95.6 MPH)
|
Batting: SHB Jason Hayes
|
0-0: Ball 1-0: Fly out, F3 (Popup, 3F, EV 65.0 MPH)
|
Batting: RHB Vince Jackson
|
0-0: Ball 1-0: Ball 2-0: Called Strike 2-1: Ball Tenshou Takita steals 2nd base 3-1: Called Strike 3-2: Foul Ball, location: 2F 3-2: Base on Balls
|
Batting: RHB Raul Mendoza
|
0-0: Foul Ball, location: 2F 0-1: Fly out, F3 (Popup, 3L, EV 66.2 MPH)
|
Bottom of the 6th over - 0 runs, 1 hit, 0 errors, 2 left on base; Montreal 0 - Baltimore 0 |
TOP OF THE 7TH |
Montreal Expos batting - Pitching for Baltimore Orioles : RHP Andy Rondeau
|
Pinch Hitting: LHB Austin Ohmer
|
0-0: Ball 1-0: Ball 2-0: Ball 3-0: Called Strike 3-1: Foul Ball, location: 2F 3-2: Strikes out swinging
|
Batting: LHB Mark Marvin
|
0-0: Ball 1-0: Called Strike 1-1: Ball 2-1: Foul Ball, location: 2F 2-2: Ball 3-2: Foul Ball, location: 2F 3-2: Ground out 4-3 (Groundball, 4, EV 85.6 MPH)
|
Batting: RHB Steve French
|
0-0: Swinging Strike 0-1: Fly out, F8 (Flyball, 8LM, EV 86.2 MPH)
|
Top of the 7th over - 0 runs, 0 hits, 0 errors, 0 left on base; Montreal 0 - Baltimore 0 |
BOTTOM OF THE 7TH |
Baltimore Orioles batting - Pitching for Montreal Expos : LHP Brian White
|
Now in LF: Bill McGregor
|
|
Now in CF: Austin Ohmer
|
|
Batting: SHB Robert Handy
|
0-0: Ball 1-0: Ball 2-0: Called Strike 2-1: Foul Ball, location: 2F 2-2: Ball 3-2: Base on Balls
|
Batting: SHB Bran Stark
|
0-0: Sac Bunt to 15 - play at second, runner OUT! 1-6
|
Batting: LHB Brian Feher
|
0-0: Called Strike 0-1: Called Strike 0-2: Fly out, F9 (Flyball, 9, EV 81.9 MPH)
|
Batting: RHB Ernie Weathersbee
|
0-0: Ball 1-0: Ball Bran Stark is caught stealing 2nd base 2-4
|
Bottom of the 7th over - 0 runs, 0 hits, 0 errors, 0 left on base; Montreal 0 - Baltimore 0 |
TOP OF THE 8TH |
Montreal Expos batting - Pitching for Baltimore Orioles : RHP Andy Rondeau
|
Batting: SHB Lou Kroneman
|
0-0: Hit by Pitch
|
Batting: RHB Eugênio Asceno
|
0-0: Bunt - Flyout to P! F1
|
Pinch Hitting: SHB Joey Pacheco
|
0-0: SINGLE (Line Drive, 9S, EV 106.9 MPH) Lou Kroneman to second
|
Batting: RHB Shigem Kubo
|
0-0: Ball 1-0: Foul Ball, location: 2F 1-1: Called Strike 1-2: Ball 2-2: Fly out, F7 (Line Drive, 7, EV 88.8 MPH)
|
Batting: LHB Bill McGregor
|
0-0: Fly out, F9 (Flyball, 9, EV 85.6 MPH)
|
Top of the 8th over - 0 runs, 1 hit, 0 errors, 2 left on base; Montreal 0 - Baltimore 0 |
BOTTOM OF THE 8TH |
Baltimore Orioles batting - Pitching for Montreal Expos : LHP Brian White
|
Pitching: RHP Zack Rust
|
|
Now at SS: Joey Pacheco
|
|
Batting: RHB Ernie Weathersbee
|
0-0: Ball 1-0: Called Strike 1-1: Fly out, F4 (Popup, 4S, EV 80.0 MPH)
|
Batting: RHB Saimei Kudo
|
0-0: Ball 1-0: Foul Ball, location: 2F 1-1: Foul Ball, location: 2F 1-2: Foul Ball, location: 2F 1-2: Ball 2-2: Ground out 6-3 (Groundball, 56D, EV 106.2 MPH)
|
Batting: RHB Tenshou Takita
|
0-0: Foul Ball, location: 2F 0-1: Ground out 5-3 (Groundball, 56, EV 83.1 MPH)
|
Bottom of the 8th over - 0 runs, 0 hits, 0 errors, 0 left on base; Montreal 0 - Baltimore 0 |
TOP OF THE 9TH |
Montreal Expos batting - Pitching for Baltimore Orioles : RHP Andy Rondeau
|
Pitching: RHP Lorenzo Merjil
|
|
Batting: LHB Steve Anderson
|
0-0: Ball 1-0: Fly out, F9 (Flyball, 9LD, EV 98.1 MPH)
|
Batting: LHB Austin Ohmer
|
0-0: Ball 1-0: Swinging Strike 1-1: SINGLE (Line Drive, 4MD, EV 98.1 MPH)
|
Batting: LHB Mark Marvin
|
0-0: Ball 1-0: Ball 2-0: Called Strike Austin Ohmer steals 2nd base 2-1: Intentional Walk
|
Batting: RHB Steve French
|
0-0: Ball 1-0: Ball 2-0: Called Strike Austin Ohmer steals 3rd base Mark Marvin to second 2-1: Ground out 5-3 (Groundball, 5S, EV 78.1 MPH)
|
Batting: SHB Lou Kroneman
|
0-0: Intentional Walk
|
Batting: RHB Eugênio Asceno
|
0-0: Ball 1-0: SINGLE (Groundball, 56D, EV 93.8 MPH) Austin Ohmer scores Mark Marvin to third Lou Kroneman to second Runner from 3rd tries for Home, throw by LF and OUT! 7-2
|
Top of the 9th over - 1 run, 2 hits, 0 errors, 2 left on base; Montreal 1 - Baltimore 0 |
BOTTOM OF THE 9TH |
Baltimore Orioles batting - Pitching for Montreal Expos : RHP Zack Rust
|
Pitching: RHP Jakub Kvacek
|
|
Now at 2B: Joey Pacheco
|
|
Now at 3B: Tommy Mize
|
|
Now at SS: Tommie Eaton
|
|
Batting: SHB Jason Hayes
|
0-0: Ball 1-0: Swinging Strike 1-1: Ball 2-1: SOLO HOME RUN (Flyball, 89XD, EV 103.8 MPH), Distance : 439 ft
|
Batting: RHB Vince Jackson
|
0-0: Called Strike 0-1: Ball 1-1: Foul Ball, location: 2F 1-2: Ball 2-2: Fly out, F8 (Flyball, 8RM, EV 92.5 MPH)
|
Batting: RHB Raul Mendoza
|
0-0: Ball 1-0: Called Strike 1-1: Called Strike 1-2: Ground out 6-3 (Groundball, 6, EV 78.1 MPH)
|
Batting: SHB Robert Handy
|
0-0: Ball 1-0: Swinging Strike 1-1: Ground out 4-3 (Groundball, 4, EV 82.5 MPH)
|
Bottom of the 9th over - 1 run, 1 hit, 0 errors, 0 left on base; Montreal 1 - Baltimore 1 |
TOP OF THE 10TH |
Montreal Expos batting - Pitching for Baltimore Orioles : RHP Lorenzo Merjil
|
Pitching: RHP Hector Aguado
|
|
Batting: SHB Joey Pacheco
|
0-0: Ball 1-0: Swinging Strike 1-1: Swinging Strike 1-2: Ball 2-2: Strikes out swinging
|
Batting: RHB Shigem Kubo
|
0-0: Foul Ball, location: 2F 0-1: Ball 1-1: Fly out, F7 (Flyball, 7S, EV 83.8 MPH)
|
Batting: LHB Bill McGregor
|
0-0: Ball 1-0: Ball 2-0: Called Strike 2-1: Ball 3-1: Swinging Strike 3-2: Fly out, F8 (Flyball, 8RS, EV 88.8 MPH)
|
Top of the 10th over - 0 runs, 0 hits, 0 errors, 0 left on base; Montreal 1 - Baltimore 1 |
BOTTOM OF THE 10TH |
Baltimore Orioles batting - Pitching for Montreal Expos : RHP Jakub Kvacek
|
Batting: SHB Bran Stark
|
0-0: Ball 1-0: DOUBLE (Line Drive, 78XD, EV 105.0 MPH)
|
Batting: LHB Brian Feher
|
0-0: Intentional Walk
|
Pinch Hitting: SHB Tony Prado
|
0-0: Foul Ball, location: 2F 0-1: Ball 1-1: Ball 2-1: Called Strike 2-2: Ball 3-2: Strikes out swinging
|
Batting: RHB Saimei Kudo
|
0-0: Foul Ball, location: 2F 0-1: Ball 1-1: Called Strike 1-2: Ball 2-2: Strikes out swinging
|
Pitching: RHP Joel Montenegro
|
|
Batting: RHB Tenshou Takita
|
0-0: Foul Ball, location: 2F 0-1: Ball 1-1: Ball 2-1: Fly out, F7 (Flyball, 78XD, EV 103.1 MPH)
|
Bottom of the 10th over - 0 runs, 1 hit, 0 errors, 2 left on base; Montreal 1 - Baltimore 1 |
TOP OF THE 11TH |
Montreal Expos batting - Pitching for Baltimore Orioles : RHP Hector Aguado
|
Now in LF: Tony Prado
|
|
Batting: RHB Tommie Eaton
|
0-0: Ball 1-0: Called Strike 1-1: Ball 2-1: DOUBLE (Flyball, 78XD, EV 112.5 MPH)
|
Batting: LHB Austin Ohmer
|
0-0: Ball 1-0: Called Strike 1-1: Ball 2-1: Called Strike 2-2: Ball 3-2: Strikes out swinging, 2-3 out at first.
|
Batting: LHB Mark Marvin
|
0-0: Intentional Walk
|
Batting: RHB Steve French
|
0-0: Swinging Strike 0-1: Swinging Strike 0-2: Ball 1-2: Ball 2-2: Strikes out looking
|
Batting: RHB Tommy Mize
|
0-0: Called Strike 0-1: 3-RUN HOME RUN (Flyball, 78XD, EV 117.5 MPH), Distance : 471 ft
|
Pitching: RHP Alan Taylor
|
|
Batting: RHB Eugênio Asceno
|
0-0: Ball 1-0: Called Strike 1-1: Called Strike 1-2: Ball 2-2: Foul Ball, location: 2F 2-2: Foul Ball, location: 2F 2-2: Strikes out swinging
|
Top of the 11th over - 3 runs, 2 hits, 0 errors, 0 left on base; Montreal 4 - Baltimore 1 |
BOTTOM OF THE 11TH |
Baltimore Orioles batting - Pitching for Montreal Expos : RHP Joel Montenegro
|
Batting: SHB Jason Hayes
|
0-0: Ground out U3 (Groundball, 3S, EV 83.8 MPH)
|
Batting: RHB Vince Jackson
|
0-0: Fly out, F8 (Flyball, 8RD, EV 85.0 MPH)
|
Batting: RHB Raul Mendoza
|
0-0: Ball 1-0: Ground out 6-3 (Groundball, 6, EV 103.1 MPH)
|
Bottom of the 11th over - 0 runs, 0 hits, 0 errors, 0 left on base; Montreal 4 - Baltimore 1 |
|